 Dungeon Crawl Stone Soup version 0.17-a0-1651-gae1a69f (webtiles) character file.

35502 nuthulu the Covert (level 13, -1/49 HPs)
             Began as a Spriggan Enchanter on Aug 14, 2015.
             Was a High Priest of Dithmenos.
             Slain by a fire crab (7 damage)
             ... on level 7 of the Lair of Beasts.
             The game lasted 01:24:42 (20662 turns).

nuthulu the Covert (Spriggan Enchanter)            Turns: 20662, Time: 01:24:42

Health: -1/49      AC:  6    Str:  2      XL:     13   Next: 47%
Magic:  31/38      EV: 34    Int: 23      God:    Dithmenos [*****.]
Gold:   845        SH:  0    Dex: 18 (19) Spells: 8 memorised, 12 levels left

rFire  + . .     SeeInvis +     j - +6 short sword (pierce)
rCold  + . .     Clarity  .     y - +2 robe {rF+}
rNeg   . . .     SustAt   .     (shield restricted)
rPois  .         Gourm    .     (helmet restricted)
rElec  .         Spirit   .     H - +1 cloak of Starshine {rC+ rCorr MP+9 Int+4}
rCorr  +         Warding  .     (gloves unavailable)
rMut   .         Stasis   .     (boots unavailable)
MR     ++...                    i - amulet of faith
Stlth  ++++++++++               p - ring of invisibility
                                S - +3 ring of evasion

@: wreathed by umbra, drained, very quick, very resistant to hostile
enchantments, uncannily stealthy
A: unfitting armour, beak, see invisible, deterioration 1, herbivore 3, speed 3,
frail 1, sense surroundings 1, slow metabolism 2, weak 1, no device heal 1,
subdued magic 1
a: Shadow Step, Shadow Form, Renounce Religion, Evoke Invisibility


You were on level 7 of the Lair of Beasts.
You worshipped Dithmenos.
Dithmenos was extremely pleased with you.
You were not hungry.

You visited 2 branches of the dungeon, and saw 18 of its levels.
You also visited: Volcano.

You collected 1010 gold pieces.
You spent 165 gold pieces at shops.

Inventory:

Hand weapons
 a - a +2 dagger
 j - a +6 short sword of piercing (weapon)
 k - a +0 blowgun
Missiles
 q - 64 poisoned needles
Armour
 b - a +2 robe
 h - a +2 cloak
 y - a +2 robe of fire resistance (worn)
 H - the +1 cloak of Starshine (worn) {rC+ rCorr MP+9 Int+4}
   (You acquired it on level 10 of the Dungeon)

   It affects your intelligence (+4).
   It protects you from cold.
   It affects your magic capacity (+9).
   It protects you from acid and corrosion.
Jewellery
 g - an uncursed ring of protection from cold
 i - an amulet of faith (around neck)
 p - a ring of invisibility (right hand)
 s - an uncursed amulet of guardian spirit
 O - a +5 ring of strength
 Q - a +3 ring of intelligence
 S - a +3 ring of evasion (left hand)
Magical devices
 m - a wand of invisibility (3)
 x - a wand of paralysis (11)
 z - a wand of paralysis (18)
 A - a wand of draining (8)
 E - a wand of confusion (29)
 J - a wand of frost (9)
 P - a wand of magic darts (32)
 R - a wand of confusion (22)
 U - a wand of random effects (27)
Scrolls
 e - 6 scrolls of identify
 o - 3 scrolls of blinking
 t - a scroll of magic mapping
 v - 4 scrolls of remove curse
 B - a scroll of amnesia
 G - a scroll of recharging
 N - 2 scrolls of teleportation
 T - a scroll of brand weapon
Potions
 n - a potion of heal wounds
 C - a potion of brilliance
 F - 3 potions of flight
 L - 2 potions of haste
 M - 2 potions of invisibility
 W - a potion of ambrosia
 X - a potion of cancellation {unknown}
Books
 c - a book of Maledictions

   Spells                             Type                      Level
   a - Corona                         Hexes                        1
   b - Ensorcelled Hibernation        Hexes/Ice                    2
   c - Confuse                        Hexes                        3
   d - Tukima's Dance                 Hexes                        3
   e - Dazzling Spray                 Conjuration/Hexes            3
 r - a book of Unlife

   Spells                             Type                      Level
   a - Recall                         Summoning/Translocation      3
   b - Animate Dead                   Necromancy                   4
   c - Control Undead                 Necromancy                   4
   d - Cigotuvi's Embrace             Necromancy                   5
   e - Death Channel                  Necromancy                   6
   f - Simulacrum                     Ice/Necromancy               6
 u - a book of Enchantments

   Spells                             Type                      Level
   a - Cause Fear                     Hexes                        4
   b - Silence                        Hexes/Air                    5
   c - Deflect Missiles               Charms/Air                   6
   d - Haste                          Charms                       6
   e - Discord                        Hexes                        8
 D - a book of Alchemy

   Spells                             Type                      Level
   a - Sublimation of Blood           Necromancy                   2
   b - Ignite Poison                  Fire/Transmutation/Poison    3
   c - Alistair's Intoxication        Transmutation/Poison         4
   d - Condensation Shield            Ice                          4
   e - Petrify                        Transmutation/Earth          4
   f - Irradiate                      Conjuration/Transmutation    5
 I - a Young Poisoner's Handbook

   Spells                             Type                      Level
   a - Sting                          Conjuration/Poison           1
   b - Cure Poison                    Poison                       2
   c - Mephitic Cloud                 Conjuration/Poison/Air       3
   d - Olgreb's Toxic Radiance        Poison                       4
   e - Venom Bolt                     Conjuration/Poison           5
 K - a book of the Earth

   Spells                             Type                      Level
   a - Leda's Liquefaction            Hexes/Earth                  4
   b - Bolt of Magma                  Conjuration/Fire/Earth       5
   c - Statue Form                    Transmutation/Earth          6
   d - Iron Shot                      Conjuration/Earth            6
   e - Shatter                        Earth                        9
 V - a book of Frost

   Spells                             Type                      Level
   a - Freeze                         Ice                          1
   b - Throw Frost                    Conjuration/Ice              2
   c - Ozocubu's Armour               Charms/Ice                   3
   d - Throw Icicle                   Conjuration/Ice              4
   e - Summon Ice Beast               Ice/Summoning                4
   f - Condensation Shield            Ice                          4
Comestibles
 d - 11 bread rations
 f - 16 fruits
 l - 2 slices of pizza
 w - 3 royal jellies


   Skills:
 + Level 10.8(10.5) Short Blades
 + Level 14.3(13.9) Dodging
 + Level 14.9(14.5) Stealth
 + Level 11.6(11.3) Spellcasting
 + Level 12.4(12.0) Hexes
 - Level 5.0(4.7) Poison Magic
 - Level 4.4(4.1) Invocations
 + Level 4.7(4.4) Evocations


You had 12 spell levels left.
You knew the following spells:

 Your Spells              Type           Power        Failure   Level  Hunger
a - Corona                Hex            #####..      0%          1    None
b - Ensorcelled Hibernat  Hex/Ice        ####..       1%          2    None
c - Tukima's Dance        Hex            #####...     0%          3    None
d - Dazzling Spray        Conj/Hex       ####....     1%          3    None
e - Mephitic Cloud        Conj/Pois/Air  ##......     4%          3    None
f - Olgreb's Toxic Radia  Pois           ###.....     4%          4    None
g - Cure Poison           Pois           ###.......   1%          2    None
h - Silence               Hex/Air        ####......   7%          5    ####...


Dungeon Overview and Level Annotations

Branches:
Dungeon (11/15)            Temple (0/1) D:6            Lair (7/8) D:10
 Shoals (0/4) Lair:5       Spider (0/4) Lair:5
  Slime: Lair:6-8       Orc: D:9-12

Altars:
Ashenzari
Dithmenos
Elyvilon
Fedhas
Gozag
Nemelex Xobeh
Qazlal
Sif Muna
Xom

Shops:
D:10 *


Innate Abilities, Weirdness & Mutations

You are tiny and cannot use many weapons and most armour.
You have supernaturally acute eyesight.
You are a herbivore.
You cover ground extremely quickly.
You need consume almost no food.
You have a beak for a mouth.
Your body sometimes deteriorates upon taking damage.
You are frail (-10% HP).
You passively map a small area around you.
You are weak. (Str -2)
Potions and wands are less effective at restoring your health.
Your spells are a little easier to cast, but a little less powerful.


Message History

The fire crab is lightly wounded.
Your shadow hits the fire crab but does no damage.
You are engulfed in roaring flames.
You resist.
You puncture the fire crab!
The fire crab is moderately wounded.
Your shadow hits the fire crab but does no damage.
You are engulfed in roaring flames.
You resist.
* * * LOW HITPOINT WARNING * * *
Your body deteriorates!
You feel clumsy.
The fire crab bites you but does no damage.
The fire crab claws you.
* * * LOW HITPOINT WARNING * * *
You are engulfed in flames.
You resist.
* * * LOW HITPOINT WARNING * * *
Unknown command.
Drink which item? (? for menu, Esc to quit)
You feel much better. The fire crab misses you. The fire crab claws you!
* * * LOW HITPOINT WARNING * * *
You are engulfed in flames!
You resist.
You die...

, , , #.#....... ...t...
###....... #...........
#........ ###..........##
#........ .............#
##........ * #...........#
#####.........
*#...........###..##.........
* #.[........t.#.#.......<....
###./........@................
,
..............................
.........................†....
..............................
..........†...†...............
.........†.†..................
............†.†...............
..........................[.(.
.........#.....##..........#..


You could see a fire crab and a crocodile (wandering).

Vanquished Creatures
  Fannar (D:11)
  3 hydras
  The ghost of Conn321 the Nimble, a powerful SpWr of Vehumet (Lair:7)
  7 death yaks
  A hill giant (D:10)
  A griffon (Lair:6)
  An oklob plant (Lair:1)
  A siren (Lair:5)
  3 black mambas
  A torpor snail (Lair:6)
  Psyche (D:9)
  10 spiny frogs
  2 fire drakes (Lair:7)
  4 komodo dragons
  2 polar bears
  12 blink frogs
  3 trapdoor spiders (Lair:5)
  24 yaks
  6 basilisks
  8 hippogriffs
  Menkaure (D:5)
  A hungry ghost (D:7)
  10 wolves
  10 water moccasins
  13 porcupines
  3 ice beasts
  An orc warrior (D:9)
  3 sky beasts
  2 eyes of draining
  2 phantoms
  A black bear (D:9)
  2 necrophages (D:10)
  6 centaurs
  A wasp (D:8)
  5 big kobolds
  14 crocodiles
  3 ogres
  18 giant frogs
  2 scorpions
  9 killer bees
  4 electric eels
  2 hounds
  5 wights (D:6)
  3 crimson imps
  2 jellies
  A giant frog zombie (D:6)
  4 orc priests
  5 iguanas
  3 giant frog skeletons
  6 orc wizards
  A centaur skeleton (D:5)
  2 hell rats (Lair:7)
  A quasit (D:6)
  A gnoll shaman (D:10)
  11 sheep (Lair:7)
  7 worker ants
  A hound zombie (D:8)
  2 hound skeletons
  7 gnolls
  24 river rats
  A shadow imp (D:5)
  9 adders
  2 oozes
  An adder zombie (D:7)
  2 worms (D:3)
  24 orcs
  6 bats
  4 giant cockroaches
  11 hobgoblins
  2 quokkas
  2 ball pythons
  2 giant cockroach zombies
  4 giant geckos
  A giant gecko zombie (D:7)
  4 giant newts
  12 goblins
  18 kobolds
  10 rats
406 creatures vanquished.

Vanquished Creatures (collateral kills)
  Joseph (Lair:1)
  A gargoyle (D:10)
  A deep elf mage (D:10)
  A yak (D:10)
  5 orc warriors
  2 big kobolds (D:8)
  5 wights (D:6)
  A crimson imp (D:10)
  An orc wizard (D:10)
  2 orc priests
  Robin (D:2)
  2 gnolls
  7 orcs
  A kobold (D:8)
  A quokka (D:8)
32 creatures vanquished.

Vanquished Creatures (others)
  A dancing weapon (D:10)
  A giant frog skeleton (D:4)
  A bush (D:10)
  6 fungi
  15 plants
24 creatures vanquished.

Grand Total: 462 creatures vanquished

Notes
Turn   | Place    | Note
--------------------------------------------------------------
     0 | D:1      | nuthulu the Spriggan Enchanter began the quest for the Orb.
     0 | D:1      | Reached XP level 1. HP: 9/9 MP: 5/5
   167 | D:1      | Reached XP level 2. HP: 2/13 MP: 3/6
   172 | D:1      | Learned a level 2 spell: Ensorcelled Hibernation
  1203 | D:1      | You fall through a shaft!
  1515 | D:2      | Found a shimmering altar of Xom.
  1646 | D:2      | Reached XP level 3. HP: 16/16 MP: 5/8
  1654 | D:2      | Learned a level 3 spell: Tukima's Dance
  1727 | D:2      | Noticed Robin
  1983 | D:2      | Killed Robin
  2034 | D:2      | Reached skill level 5 in Stealth
  2300 | D:3      | Found a shattered altar of Ashenzari.
  2583 | D:3      | Reached XP level 4. HP: 21/21 MP: 9/9
  2592 | D:3      | Learned a level 3 spell: Dazzling Spray
  3480 | D:4      | Found a stormy altar of Qazlal.
  3481 | D:4      | Found a blossoming altar of Fedhas.
  3546 | D:4      | Reached skill level 5 in Dodging
  3546 | D:4      | Reached XP level 5. HP: 24/24 MP: 5/11
  3798 | D:4      | Found a deep blue altar of Sif Muna.
  3867 | D:4      | Found a shadowy altar of Dithmenos.
  4226 | D:4      | Noticed a giant frog
  4236 | D:4      | Killed a giant frog
  4236 | D:4      | Reached skill level 6 in Stealth
  4236 | D:4      | Reached XP level 6. HP: 15/28 MP: 12/12
  4555 | D:5      | Entered Level 5 of the Dungeon
  4886 | D:5      | Noticed Menkaure
  4890 | D:5      | Killed Menkaure
  4890 | D:5      | Reached skill level 5 in Hexes
  5048 | D:5      | Reached XP level 7. HP: 32/32 MP: 9/14
  5154 | D:5      | Found an opulent altar of Gozag.
  5224 | D:4      | Became a worshipper of Dithmenos the Shadowed
  5788 | D:5      | Was placed under penance by Dithmenos
  5883 | D:5      | Reached skill level 7 in Stealth
  5957 | D:6      | Was forgiven by Dithmenos
  5957 | D:6      | Reached skill level 5 in Spellcasting
  6096 | D:6      | Reached XP level 8. HP: 36/36 MP: 15/17
  6412 | D:6      | Found a sparkling altar of Nemelex Xobeh.
  6640 | D:6      | Found a staircase to the Ecumenical Temple.
  7243 | D:7      | Reached skill level 8 in Stealth
  7277 | D:7      | Reached skill level 5 in Short Blades
  7870 | D:7      | Reached skill level 9 in Stealth
  8073 | D:8      | Found a white marble altar of Elyvilon.
  8091 | D:8      | Reached XP level 9. HP: 39/39 MP: 16/20
  9017 | D:8      | Acquired Dithmenos's first power
  9613 | D:9      | Reached skill level 10 in Stealth
  9613 | D:9      | Reached skill level 1 in Invocations
  9653 | D:9      | Noticed Psyche
  9675 | D:9      | Killed Psyche
  9894 | D:9      | Reached skill level 10 in Dodging
  9906 | D:9      | Reached XP level 10. HP: 39/44 MP: 20/22
  9920 | D:9      | Acquired Dithmenos's second power
 10455 | D:9      | Reached skill level 11 in Stealth
 10523 | D:10     | Entered Level 10 of the Dungeon
 10530 | D:10     | Found Amnekly's Assorted Antiques.
 10556 | D:10     | Bought a scroll of enchant weapon for 165 gold pieces
 10835 | D:10     | Noticed a hill giant
 10845 | D:10     | Killed a hill giant
 10845 | D:10     | Acquired Dithmenos's third power
 11389 | D:10     | Reached XP level 11. HP: 44/47 MP: 15/24
 11491 | D:10     | Identified a scroll of acquirement
 11494 | D:10     | Got a jewelled cloak
 11505 | D:10     | Identified the +1 cloak of Starshine {rC+ rCorr MP+9 Int+4} (You acquired it on level 10 of the Dungeon)
 11624 | D:10     | Found a staircase to the Lair.
 11632 | D:11     | Noticed Fannar
 11636 | D:11     | Killed Fannar
 11688 | D:11     | Learned a level 3 spell: Mephitic Cloud
 12031 | D:10     | Reached skill level 12 in Stealth
 12099 | D:10     | Reached skill level 1 in Poison Magic
 12564 | D:10     | Reached skill level 10 in Hexes
 12819 | Lair:1   | Entered Level 1 of the Lair of Beasts
 12843 | Lair:1   | Noticed Joseph
 12867 | Lair:1   | Killed Joseph
 13096 | Lair:1   | Found a stormy altar of Qazlal.
 13326 | Lair:1   | Gained mutation: You passively map a small area around you. [potion of beneficial mutation]
 13642 | Lair:2   | Reached skill level 10 in Spellcasting
 13846 | Lair:2   | Noticed an eight-headed hydra
 13851 | Lair:2   | Killed an eight-headed hydra
 13978 | Lair:2   | Reached XP level 12. HP: 51/51 MP: 27/27
 13984 | Lair:2   | Learned a level 4 spell: Olgreb's Toxic Radiance
 14259 | Lair:2   | Learned a level 2 spell: Cure Poison
 14376 | Lair:2   | Reached skill level 13 in Stealth
 15752 | Lair:4   | Noticed a six-headed hydra
 15754 | Lair:4   | Killed a six-headed hydra
 15839 | Lair:4   | Noticed a seven-headed hydra
 16502 | Lair:5   | Found a dark tunnel.
 16515 | Volcano  | Entered a volcano
 16972 | Lair:5   | Found a staircase to the Shoals.
 17086 | Lair:5   | Found a hole to the Spider Nest.
 17100 | Lair:5   | Reached skill level 10 in Short Blades
 17109 | Lair:5   | Reached skill level 5 in Poison Magic
 17128 | Lair:5   | Acquired Dithmenos's fourth power
 17394 | Lair:4   | Killed a seven-headed hydra
 17394 | Lair:4   | Reached skill level 1 in Evocations
 17580 | Lair:5   | Reached skill level 14 in Stealth
 18391 | Lair:6   | Found a shattered altar of Ashenzari.
 18392 | Lair:6   | Reached XP level 13. HP: 55/55 MP: 29/29
 18612 | Lair:6   | Got an ichor-stained helmet
 18890 | Lair:7   | Noticed Conn321's ghost (powerful SpWr)
 19137 | Lair:7   | Learned a level 5 spell: Silence
 20202 | Lair:7   | Gained mutation: Your body sometimes deteriorates upon taking damage. [mutagenic glow]
 20392 | Lair:7   | Killed Conn321's ghost
 20417 | Lair:7   | Gained mutation: You are frail (-10% HP). [mutagenic glow]
 20423 | Lair:7   | Gained mutation: Your spells are a little easier to cast, but a little less powerful. [potion of mutation]
 20423 | Lair:7   | Gained mutation: You have a beak for a mouth. [potion of mutation]
 20423 | Lair:7   | Gained mutation: You are weak. (Str -2) [potion of mutation]
 20424 | Lair:7   | Gained mutation: Potions and wands are less effective at restoring your health. [potion of mutation]
 20425 | Lair:7   | Gained mutation: You possess an exceptional clarity of mind. [potion of mutation]
 20425 | Lair:7   | Lost mutation: You possess an exceptional clarity of mind. [potion of mutation]
 20661 | Lair:7   | HP: 1/49 [fire crab (5)]
 20662 | Lair:7   | Slain by a fire crab

Vault maps used:
D:1:      evilmike_arrival_rings, moated_statue
D:2:      lemuel_crystal_altar, first_bread, serial_park_tiny_1, uniq_robin
D:3:      kennysheep_big_flooded_room, serial_co_window_serial,
          co_window_cross_1, co_window_paths_b, co_window_paths_a,
          co_window_paths_a, co_window_corner_a, co_window_cross_2,
          co_window_broadway_a, co_window_corner_b, co_window_4corner_b,
          co_window_4corner_a, lemuel_altar_in_water2
D:4:      led_sif_pool, nicolae_overflow_hidden_temple, minmay_tree_intersection
D:5:      grunt_gozag_statues, uniq_menkaure
D:6:      temple_statues, nemelex_spade_bored_becter
D:8:      overflow_temple_1_default, special_room
D:9:      uniq_psyche
D:10:     minmay_lair_entry_grove, serial_shops,
          nicolae_shop_competitors_out_of_business
D:11:     grunt_ogre_cave, kennysheep_generic_room_3, uniq_fannar
Lair:1:   lemuel_oklob_altar, uniq_joseph
Lair:2:   st_stairs_6, lemuel_fruit_tree, grunt_megastairs_1
Lair:3:   minivault_25, grunt_megastairs_3
Lair:4:   minmay_holes
Lair:5:   elwin_shoals_entry_rooms, spider_nest_entry_webs,
          nicolae_volcano_entry_lava_flow
Lair:6:   basic_altar, nicolae_quartered_pool_little, hibernation_bobbens
Lair:7:   lemuel_ratsnest
Volcano:  volcano_lake

Action                   |  1- 3 |  4- 6 |  7- 9 | 10-12 | 13-15 || total
-------------------------+-------+-------+-------+-------+-------++-------
Melee: Dagger            |    46 |       |       |       |       ||    46
       Short sword       |    54 |    70 |   208 |   415 |   235 ||   982
 Fire: Blowgun           |       |     1 |     1 |     5 |       ||     7
 Cast: Corona            |    11 |     3 |    14 |     5 |       ||    33
       Ensorcelled Hiber |    11 |     9 |    36 |   151 |    52 ||   259
       Tukima's Dance    |     1 |       |    25 |    14 |     1 ||    41
       Dazzling Spray    |       |     7 |    10 |    11 |       ||    28
       Mephitic Cloud    |       |       |       |     7 |     2 ||     9
       Olgreb's Toxic Ra |       |       |       |     1 |     1 ||     2
       Cure Poison       |       |       |       |       |     6 ||     6
       Silence           |       |       |       |       |     2 ||     2
Invok: Shadow Step       |       |       |       |    10 |       ||    10
 Abil: Evoke Invisibilit |       |       |       |       |     3 ||     3
Evoke: Wand              |       |     1 |     1 |     3 |     2 ||     7
  Use: Scroll            |    10 |     4 |     9 |    17 |     3 ||    43
       Potion            |       |     1 |       |     3 |    12 ||    16
 Stab: Sleeping          |    19 |    14 |    44 |   142 |    33 ||   252
       Invisible         |       |     2 |     4 |     8 |     8 ||    22
       Distracted        |       |       |     4 |     4 |     2 ||    10
  Eat: Pizza             |       |     1 |       |       |       ||     1
       Fruit             |       |     1 |       |       |       ||     1
       Bread ration      |       |     1 |       |     1 |     1 ||     3
       Royal jelly       |       |       |       |     1 |       ||     1
